 Dungeon Crawl Stone Soup version 0.23.2-33-g5129a83184 (webtiles) character file.

Game seed: 4758948657656164189

3130 troglodite the Magician (level 9, -14/70 (71) HPs)
             Began as a Gnoll Skald on July 5, 2019.
             Was a Priest of Cheibriados.
             Demolished by a two-headed ogre
             ... wielding a +0 dire flail
              (18 damage)
             ... on level 8 of the Dungeon.
             The game lasted 00:20:59 (6994 turns).

troglodite the Magician (Gnoll Skald)               Turns: 6994, Time: 00:20:59

HP:   -14/70 (71)   AC:  7    Str: 20    XL:     9   Next: 92%
MP:   1/19          EV: 16    Int: 25    God:    Cheibriados [***...]
Gold: 388           SH:  0    Dex: 20    Spells: 5/21 levels left

rFire    . . .     SeeInvis .   C - +3 halberd
rCold    + . .     Gourm    .   (shield currently unavailable)
rNeg     . . .     Faith    +   r - +0 ring mail
rPois    +         Spirit   .   (no helmet)
rElec    .         Reflect  .   (no cloak)
rCorr    .         Harm     .   I - +0 pair of gloves
MR       .....                  (no boots)
Stlth    +++.......             K - amulet of faith
HPRegen  0.21/turn              w - ring of stealth
MPRegen  0.16/turn              A - ring "Esoyj" {rPois rC+}

@: very slightly contaminated, very slow
A: distributed training, fangs 1, strong nose
a: Bend Time, Temporal Distortion, Renounce Religion


You were on level 8 of the Dungeon.
You worshipped Cheibriados.
Cheibriados was most pleased with you.
You were not hungry.

You visited 1 branch of the dungeon, and saw 8 of its levels.

You collected 388 gold pieces.

Inventory:

Hand Weapons
 a - a +0 spear
 C - a +3 halberd (weapon)
Missiles
 D - 5 javelins (quivered)
Armour
 r - a +0 ring mail (worn)
 x - a +0 shield
 I - a +0 pair of gloves (worn)
Jewellery
 u - an uncursed ring of see invisible
 w - a ring of stealth (left hand)
 A - the ring "Esoyj" (right hand) {rPois rC+}
   (You found it on level 4 of the Dungeon)

   [ring of protection from cold]

   It protects you from cold.
   It protects you from poison.
 B - an uncursed ring of ice
 K - an amulet of faith (around neck)
Wands
 y - a wand of enslavement (7)
 F - a wand of iceblast (11)
 H - a wand of acid (10)
Scrolls
 f - 2 scrolls of random uselessness {unknown}
 g - 3 scrolls of magic mapping {unknown}
 h - a scroll of fear {unknown}
 i - a scroll of amnesia {unknown}
 j - 5 scrolls of identify
 k - 2 scrolls of enchant weapon {unknown}
 l - 2 scrolls of remove curse {unknown}
 m - 2 scrolls of teleportation {unknown}
 q - 2 scrolls of enchant armour {unknown}
 s - 3 scrolls of blinking {unknown}
 v - a scroll of noise {unknown}
 L - a scroll of fog {unknown}
Potions
 b - a potion of haste
 c - 3 potions of berserk rage
 e - 2 potions of magic
 n - a potion of cancellation {unknown}
 o - a potion of resistance
 p - 4 potions of curing
 t - a potion of mutation
 z - a potion of brilliance
 E - a potion of heal wounds {unknown}
 G - a potion of invisibility {unknown}
 J - 2 potions of degeneration {unknown}
Comestibles
 d - 7 rations
 M - 2 chunks of flesh


   Skills:
 + Level 6.6 Fighting
 + Level 4.6 Short Blades
 + Level 4.6 Long Blades
 + Level 4.6 Axes
 + Level 4.6 Maces & Flails
 + Level 6.6 Polearms
 + Level 4.6 Staves
 + Level 4.6 Slings
 + Level 4.6 Bows
 + Level 4.6 Crossbows
 + Level 4.6 Throwing
 + Level 5.3 Armour
 + Level 6.6 Dodging
 + Level 4.6 Stealth
 + Level 4.6 Shields
 + Level 4.6 Unarmed Combat
 + Level 6.9 Spellcasting
 + Level 3.8 Conjurations
 + Level 3.8 Hexes
 + Level 6.7 Charms
 + Level 3.8 Summonings
 + Level 3.8 Necromancy
 + Level 3.8 Translocations
 + Level 3.8 Transmutations
 + Level 3.8 Fire Magic
 + Level 3.8 Ice Magic
 + Level 3.8 Air Magic
 + Level 3.8 Earth Magic
 + Level 3.8 Poison Magic
 + Level 5.1 Invocations
 + Level 4.6 Evocations


You had 5 spell levels left.
You knew the following spells:

 Your Spells              Type           Power        Failure   Level  Hunger
a - Infusion              Chrm           ####         1%          1    None
b - Spectral Weapon       Hex/Chrm       #####...     3%          3    None
c - Regeneration          Chrm/Necr      #####.....   3%          3    None
d - Blink                 Tloc           N/A          3%          2    None
e - Magic Dart            Conj           ####         2%          1    None
f - Searing Ray           Conj           ####..       3%          2    None
g - Force Lance           Conj/Tloc      ####....     22%         4    ###....

Your spell library contained the following spells:

 Spells                   Type           Power        Failure   Level  Hunger
 Shroud of Golubria       Chrm/Tloc      #####.....   1%          2    None
 Song of Slaying          Chrm           #####...     1%          2    None
 Call Imp                 Summ           ####....     3%          2    None
 Poisonous Vapours        Pois/Air       ####..       3%          2    None
 Slow                     Hex            ####....     3%          2    None
 Conjure Flame            Conj/Fire      ####....     7%          3    None
 Dazzling Spray           Conj/Hex       ####..       7%          3    None
 Mephitic Cloud           Conj/Pois/Air  ####....     7%          3    None
 Fulminant Prism          Conj/Hex       ####......   22%         4    ###....
 Iskenderun's Mystic Bla  Conj           ####....     22%         4    ###....
 Freezing Cloud           Conj/Ice/Air   ####......   98%         6    ######.
 Ring of Flames           Chrm/Fire      #####.....   100%        7    #######


Dungeon Overview and Level Annotations

Branches:
Dungeon (8/15)             Temple (0/1) D:6
   Lair: D:8-11

Altars:
Cheibriados
Elyvilon
Kikubaaqudgha
Makhleb
Nemelex Xobeh
Okawaru
Wu Jian
Xom
Zin
The Shining One


Innate Abilities, Weirdness & Mutations

Your experience applies equally to all skills.
You have very sharp teeth.
Your uncanny sense of smell can sniff out nearby items.


Message History

Aim: a two-headed ogre, wielding a +0 dire flail and a +2 dire flail of protection (moderately wounded)
You miscast Force Lance.
The floor and the ceiling briefly switch places.
Casting: Force Lance (slightly dangerous; 22% risk of failure)
Confirm with . or Enter, or press ? or * to list all spells.
You draw out your weapon's spirit!
The two-headed ogre hits you with a +0 dire flail!
The two-headed ogre misses you.
You slice the two-headed ogre!!
The two-headed ogre is severely wounded.
Your spectral weapon hits the two-headed ogre from afar!
The two-headed ogre hits you with a +0 dire flail!!
* * * LOW HITPOINT WARNING * * *
The two-headed ogre misses you.
You hit the two-headed ogre.
The two-headed ogre is almost dead.
Your spectral weapon closely misses the two-headed ogre.
The two-headed ogre misses you.
The two-headed ogre hits you with a +2 dire flail of protection!!
You die...

#..# # #.. ∆ # ∆ #.# #.
# ###!####%# #.# #
.?.......# #.# #
#..#####.##### #
#............ # #
##O##.##.##.####### #
#.#####@##.##.##........
#
#.......(.†......#######
...# ........##.##.##.#
##.# ..########.##.##.#
# # ..............# #
###############


You could see a two-headed ogre and a friendly spectral +3 halberd.

Vanquished Creatures
  A hornet (D:8)
  2 hungry ghosts
  Edmund (D:5)
  An acid dragon (D:7)
  2 ice beasts (D:5)
  A black bear (D:6)
  A phantom (D:5)
  A sky beast (D:7)
  5 ogres
  A necrophage (D:7)
  2 centaurs
  A big kobold (D:7)
  3 bullfrogs
  Blork the orc (D:5)
  2 scorpions
  A howler monkey (D:4)
  2 crimson imps
  A bullfrog skeleton (D:5)
  2 hounds
  2 jellies
  2 iguanas
  A centaur skeleton (D:7)
  An orc wizard (D:7)
  Ijyb (D:4)
  7 worker ants
  A hound skeleton (D:6)
  A worker ant zombie (D:6)
  12 gnolls
  8 adders
  A shadow imp (D:6)
  3 oozes
  2 adder skeletons
  A worm (D:2)
  4 dart slugs
  9 leopard geckos
  2 orcs
  4 bats
  7 giant cockroaches
  4 goblins
  6 hobgoblins
  9 jackals
  14 kobolds
  3 quokkas
  4 ball pythons
  3 frilled lizards
  8 rats
151 creatures vanquished.

Vanquished Creatures (others)
  3 spectral weapons
3 creatures vanquished.

Grand Total: 154 creatures vanquished

Notes
Turn   | Place    | Note
-------+----------+-------------------------------------------
     0 | D:1      | troglodite the Gnoll Skald began the quest for the Orb.
     0 | D:1      | Reached XP level 1. HP: 20/20 MP: 6/6
    73 | D:1      | Reached XP level 2. HP: 22/26 MP: 7/7
   555 | D:2      | Reached XP level 3. HP: 31/31 MP: 9/9
   566 | D:2      | Learned a level 3 spell: Spectral Weapon
   570 | D:2      | Learned a level 3 spell: Regeneration
   626 | D:2      | Reached skill level 5 in Spellcasting
  1013 | D:2      | Reached skill level 1 in Invocations
  1014 | D:2      | Reached skill level 1 in Short Blades
  1014 | D:2      | Reached skill level 1 in Long Blades
  1014 | D:2      | Reached skill level 1 in Axes
  1014 | D:2      | Reached skill level 1 in Maces & Flails
  1014 | D:2      | Reached skill level 1 in Staves
  1014 | D:2      | Reached skill level 1 in Slings
  1014 | D:2      | Reached skill level 1 in Bows
  1014 | D:2      | Reached skill level 1 in Crossbows
  1014 | D:2      | Reached skill level 1 in Throwing
  1014 | D:2      | Reached skill level 1 in Stealth
  1014 | D:2      | Reached skill level 1 in Shields
  1014 | D:2      | Reached skill level 1 in Unarmed Combat
  1014 | D:2      | Reached skill level 1 in Evocations
  1014 | D:2      | Reached XP level 4. HP: 18/38 MP: 7/11
  2186 | D:2      | Reached skill level 1 in Conjurations
  2186 | D:2      | Reached skill level 1 in Hexes
  2186 | D:2      | Reached skill level 1 in Summonings
  2186 | D:2      | Reached skill level 1 in Necromancy
  2186 | D:2      | Reached skill level 1 in Translocations
  2186 | D:2      | Reached skill level 1 in Transmutations
  2186 | D:2      | Reached skill level 1 in Fire Magic
  2186 | D:2      | Reached skill level 1 in Ice Magic
  2186 | D:2      | Reached skill level 1 in Air Magic
  2186 | D:2      | Reached skill level 1 in Earth Magic
  2186 | D:2      | Reached skill level 1 in Poison Magic
  2655 | D:3      | Reached XP level 5. HP: 31/43 MP: 12/12
  3267 | D:3      | Found a sparkling altar of Nemelex Xobeh.
  3566 | D:4      | Learned a level 2 spell: Blink
  3568 | D:4      | Learned a level 1 spell: Magic Dart
  3599 | D:4      | Reached XP level 6. HP: 40/50 MP: 13/13
  3695 | D:4      | Noticed Ijyb
  3705 | D:4      | Killed Ijyb
  3739 | D:4      | Reached skill level 5 in Fighting
  3739 | D:4      | Reached skill level 5 in Polearms
  3739 | D:4      | Reached skill level 5 in Dodging
  3748 | D:4      | Got a translucent platinum ring
  3767 | D:4      | Identified the ring "Esoyj" {rPois rC+} (You found it on
                  | level 4 of the Dungeon)
  3844 | D:4      | Found a snail-covered altar of Cheibriados.
  3944 | D:4      | Found a burning altar of Makhleb.
  3991 | D:4      | Became a worshipper of Cheibriados the Contemplative
  4011 | D:5      | Entered Level 5 of the Dungeon
  4024 | D:5      | Found a sacrificial altar of Ru.
  4026 | D:5      | Found a glowing silver altar of Zin.
  4026 | D:5      | Found a shimmering altar of Xom.
  4026 | D:5      | Noticed a phantom
  4028 | D:5      | Found a burning altar of Makhleb.
  4028 | D:5      | Found an ornate altar of the Wu Jian Council.
  4028 | D:5      | Found a sparkling altar of Nemelex Xobeh.
  4052 | D:5      | Killed a phantom
  4052 | D:5      | Reached XP level 7. HP: 38/56 MP: 13/15
  4538 | D:5      | Noticed Edmund
  4541 | D:5      | Noticed Blork the orc
  4549 | D:5      | Killed Edmund
  4580 | D:5      | Killed Blork the orc
  4580 | D:5      | Reached XP level 8. HP: 10/63 MP: 13/16
  4925 | D:5      | Reached * piety under Cheibriados
  5437 | D:6      | Found a staircase to the Ecumenical Temple.
  5489 | D:6      | Found an ancient bone altar of Kikubaaqudgha.
  5525 | D:6      | Reached XP level 9. HP: 69/69 MP: 18/18
  5833 | D:7      | Reached ** piety under Cheibriados
  6144 | D:7      | Reached skill level 5 in Armour
  6379 | D:7      | Found a glowing golden altar of the Shining One.
  6380 | D:7      | Found an iron altar of Okawaru.
  6727 | D:8      | Noticed a hornet
  6730 | D:8      | Found a white marble altar of Elyvilon.
  6735 | D:8      | Killed a hornet
  6735 | D:8      | Reached skill level 5 in Invocations
  6875 | D:8      | Learned a level 2 spell: Searing Ray
  6880 | D:8      | Learned a level 4 spell: Force Lance
  6900 | D:8      | Found an iron altar of Okawaru.
  6976 | D:8      | Reached *** piety under Cheibriados
  6982 | D:8      | Noticed a two-headed ogre
  6994 | D:8      | Demolished by a two-headed ogre

Skill      XL: |  1  2  3  4  5  6  7  8  9 |
---------------+----------------------------+-----
Spellcasting   | 5 6 |  6.9
Invocations    | 1 2 3 4 5 |  5.1
Short Blades   | 1 2 3 4 |  4.6
Long Blades    | 1 2 3 4 |  4.6
Axes           | 1 2 3 4 |  4.6
Maces & Flails | 1 2 3 4 |  4.6
Staves         | 1 2 3 4 |  4.6
Slings         | 1 2 3 4 |  4.6
Bows           | 1 2 3 4 |  4.6
Crossbows      | 1 2 3 4 |  4.6
Throwing       | 1 2 3 4 |  4.6
Stealth        | 1 2 3 4 |  4.6
Shields        | 1 2 3 4 |  4.6
Unarmed Combat | 1 2 3 4 |  4.6
Evocations     | 1 2 3 4 |  4.6
Conjurations   | 1 2 3 |  3.8
Hexes          | 1 2 3 |  3.8
Summonings     | 1 2 3 |  3.8
Necromancy     | 1 2 3 |  3.8
Translocations | 1 2 3 |  3.8
Transmutations | 1 2 3 |  3.8
Fire Magic     | 1 2 3 |  3.8
Ice Magic      | 1 2 3 |  3.8
Air Magic      | 1 2 3 |  3.8
Earth Magic    | 1 2 3 |  3.8
Poison Magic   | 1 2 3 |  3.8
Armour         | 3 4 5 |  5.3
Fighting       | 5 6 |  6.6
Polearms       | 5 6 |  6.6
Dodging        | 5 6 |  6.6
Charms         | 6 |  6.7

Action                   |  1- 3 |  4- 6 |  7- 9 || total
-------------------------+-------+-------+-------++-------
Melee: Spear             |    98 |   230 |    52 ||   380
       Bite              |     7 |    28 |    30 ||    65
       Halberd           |       |       |   193 ||   193
       Punch             |       |       |     1 ||     1
 Cast: Spectral Weapon   |     1 |    10 |     9 ||    20
       Regeneration      |     1 |       |     3 ||     4
       Force Lance       |       |       |     2 ||     2
  Use: Scroll            |       |       |     8 ||     8
       Potion            |       |       |     1 ||     1
 Stab: Sleeping          |     2 |     5 |    14 ||    21
       Distracted        |       |     1 |       ||     1
  Eat: Chunk             |       |    11 |     7 ||    18
       Ration            |       |       |     1 ||     1
Armor: Leather armour    |    18 |     6 |       ||    24
       Ring mail         |       |    24 |    68 ||    92
Dodge: Dodged            |    56 |   138 |   195 ||   389
Block: Shield            |       |       |    11 ||    11
